Login

Cleveland Monsters vs Providence Bruins

Created - 21 April 2024 at 23:10

Goals
1 2 3 T
Cleveland Monsters 1 4 3 8
Providence Bruins 0 2 0 2
Shots
1 2 3 T
Cleveland Monsters 4 9 14 27
Providence Bruins 4 23 7 34

GoalsPenalties
1st period
1. Cleveland Monsters , Justin Danforth 4 (Jake Christiansen 2, Trey Fix-Wolansky 16) at 3:06 (PP)
Jakub Lauko (PRO) for Hooking (Minor) at 0:15
Brandon Bussi (PRO) for Delaying the game (Minor) at 2:48 - Fabian Lysell served the penalty
Egor Sokolov (PRO) for Interference (Minor) at 3:33
2nd period
2. Cleveland Monsters , Hunter McKown 2 (Brendan Gaunce 7, Tyler Angle 11) at 9:16 (PP)
3. Providence Bruins , Buddy Robinson 6 (Jayson Megna 11, Dan Renouf 10) at 11:42 (PP)
4. Providence Bruins , Buddy Robinson 7 (Jakub Lauko 17) at 12:06 (PP)
5. Cleveland Monsters , Trey Fix-Wolansky 11 (Josh Dunne 1, Georgii Merkulov 2) at 13:35
6. Cleveland Monsters , Tyler Angle 6 (Justin Danforth 5, Trey Fix-Wolansky 17) at 14:34
7. Cleveland Monsters , Trey Fix-Wolansky 12 (Tyler Angle 12) at 14:40 (PP)
Jakub Lauko (PRO) for Elbowing (Minor) at 8:39
Billy Sweezey (CLE) for Hooking (Minor) at 11:33
Mason Shaw (CLE) for Delaying the game (Minor) at 12:03
Jakub Lauko (PRO) for Fighting (Major) at 12:09
Mason Shaw (CLE) for Fighting (Major) at 12:09
Buddy Robinson (PRO) for Tripping (Minor) at 14:39
3rd period
8. Cleveland Monsters , Mason Shaw 6 (Trey Fix-Wolansky 18) at 0:27 (PP)
9. Cleveland Monsters , Billy Sweezey 1 (Justin Danforth 6, Craig Anderson) at 2:01 (PP)
10. Cleveland Monsters , Tim Berni 1 (Hunter McKown 2, Tyler Angle 13) at 16:47 (PP)
Egor Sokolov (PRO) for Roughing (Minor) at 0:18
Jakub Lauko (PRO) for Roughing (Minor) at 1:04
Mason Shaw (CLE) for High sticking (Minor) at 3:45
Lassi Thomson (PRO) for Slashing (Minor) at 15:47
Goalie Stats
Craig Anderson (CLE), 32 saves from 34 shots - (0.941), W, 12-5-2, 60:00 minutes
Brandon Bussi (PRO), 8 saves from 12 shots - (0.667), L, 6-3-1, 34:34 minutes
Arvid Holm (PRO), 11 saves from 15 shots - (0.733), 25:26 minutes
3 StarsOfficial
1 - Trey Fix-Wolansky (CLE)
2 - Tyler Angle (CLE)
3 - Justin Danforth (CLE)
Referees : Frederick L'Ecuyer and Tim Peel
Linesman : Vaughan Rody and Kyle Larson
Game Note
Jakub Lauko and Mason Shaw fight to a draw at 12:09 of 2nd period
12:23 of 2nd period - Providence Bruins goal is going for a video replay. After video review, No Goal. The net was displaced accidentally.
13:35 of 2nd period - Cleveland Monsters goal is going for a video replay. After video review, Goal.
Arvid Holm enters game at 14:34 of 2nd period
Finance
Level 1 -- Attendance: 1902 (95.10%) -- Ticket Income $66,570
Level 2 -- Attendance: 899 (89.90%) -- Ticket Income $13,485
Total Attendance: 2801 (93.37%)
Total Ticket Income: $80,055
Other Income: $39,227
Total Income: $119,282



Team Name Goals Shots Shots Attemp Shots Blocked PIM HIT PP PK FO%
Cleveland Monsters 827571611136 / 8 (75%)255%
Providence Bruins 23469821262 / 3 (67%)645%

Cleveland Monsters
Player Name POS G A P +/- PIM HIT SHT SB MP PP MP PP SHT PK MP PK SHT FO% FOT GA TA
Billy SweezeyD1011214127:304:0711:1400% 011
Brendan GaunceC0110000116:551:5600:09040% 500
Cameron ButlerRW000000004:520:0000:0100% 000
Carson MeyerRW0001020018:300:0000:00036% 2201
Casey DornbachRW000000000:190:0000:0000% 000
Georgii MerkulovLW0110010313:450:0000:4100% 000
Hunter McKownC1120002217:341:5620:00063% 801
Jake ChristiansenD0110020115:392:5300:5700% 000
Josh DunneC0111032019:080:0000:480100% 200
Justin DanforthRW1231003020:225:0430:0000% 010
Mason ShawC1010934019:575:0320:09073% 1110
Ole Julian Bjorgvik-HolmD000000002:470:0000:2100% 000
Quinn SchmiemannD0000000117:434:0701:2300% 000
Samuel KnazkoD0001001319:350:0000:0000% 002
Stanislav SvozilD0001001216:500:0000:0000% 000
Tim BerniD1011001122:072:5310:4400% 000
Trey Fix-WolanskyRW2352017125:105:0421:12050% 410
Tyler AngleC1341002019:021:5711:05067% 1200
Providence Bruins
Player Name POS G A P +/- PIM HIT SHT SB MP PP MP PP SHT PK MP PK SHT FO% FOT GA TA
Anthony RichardC000-1021017:310:5601:50067% 910
Buddy RobinsonRW2020252019:001:1520:000100% 100
Curtis HallC0000000011:450:0000:2800% 000
Dan RenoufD0110011019:110:5401:4500% 000
Egor SokolovLW0000454017:590:0000:28050% 400
Fabian LysellRW000-1023015:520:5600:0000% 110
Ian MitchellD0000013425:320:0005:1500% 021
Jakub LaukoC01101132221:251:1502:11033% 3000
Jakub ZborilD0000002023:411:1700:0000% 010
Jayson MegnaC0110036119:401:1504:36055% 1100
John BeecherC000-1010010:350:0002:31033% 601
Lassi ThomsonD000-2201019:321:1704:1500% 001
Luke ToporowskiLW000-1012017:400:5601:500100% 100
Marc McLaughlinC000-1025012:220:0000:0000% 000
Michael CallahanD000000000:340:0000:3100% 000
Oskar SteenC000-100008:550:0000:000100% 100
Parker WotherspoonD0000002119:460:5402:2000% 001
Reilly WalshD000-2000011:520:0000:0000% 000

Cleveland Monsters

5 vs 5 Forward
Line #Left WingCenterRight WingPHYDFOFWanted %Time %Time Play
1Josh DunneCarson MeyerTrey Fix-Wolansky1224037%19:00
2Justin DanforthTyler AngleMason Shaw1223031%15:32
3Georgii MerkulovBrendan GaunceHunter McKown1222026%13:14
4Trey Fix-WolanskyHunter McKownMason Shaw122106%3:03
5 vs 5 Defense
Line #DefenseDefensePHYDFOFWanted %Time %Time Play
1Samuel KnazkoBilly Sweezey1224039%19:37
2Tim BerniStanislav Svozil1223033%16:59
3Jake ChristiansenQuinn Schmiemann1222023%11:40
4Tim BerniBilly Sweezey122105%2:33
Power Play Forward
Line #Left WingCenterRight WingPHYDFOFWanted %Time %Time Play
1Justin DanforthMason ShawTrey Fix-Wolansky1226072%5:04
2Hunter McKownTyler AngleBrendan Gaunce1224028%1:56
Power Play Defense
Line #DefenseDefensePHYDFOFWanted %Time %Time Play
1Quinn SchmiemannBilly Sweezey1226059%4:07
2Tim BerniJake Christiansen1224041%2:53
Penalty Kill 4 Players Forward
Line #CenterWingPHYDFOFWanted %Time %Time Play
1Mason ShawTrey Fix-Wolansky12260100%2:11
2Tyler AngleBrendan Gaunce122400%0:00
Penalty Kill 4 Players Defense
Line #DefenseDefensePHYDFOFWanted %Time %Time Play
1Quinn SchmiemannBilly Sweezey1226063%1:23
2Tim BerniJake Christiansen1224037%0:48
Penalty Kill 3 Players
Line #WingPHYDFOFWanted %Time %Time PlayDefenseDefensePHYDFOFWanted %Time %Time Play
1Trey Fix-Wolansky122600%0:00 Quinn SchmiemannBilly Sweezey122600%0:00
2Tyler Angle122400%0:00 Tim BerniJake Christiansen122400%0:00
4 vs 4 Forward
Line #CenterWingPHYDFOFWanted %Time %Time Play
1Mason ShawTrey Fix-Wolansky122600%0:00
2Tyler AngleBrendan Gaunce122400%0:00
4 vs 4 Defense
Line #DefensePHYDFOFWanted %Time %Time Play
1Jake ChristiansenBilly Sweezey122600%0:00
2Tim BerniQuinn Schmiemann122400%0:00
Last Minutes Offensive
Left WingCenterRight WingDefenseDefense
Tyler AngleMason ShawTrey Fix-WolanskyTim BerniBilly Sweezey
Last Minutes Defensive
Left WingCenterRight WingDefenseDefense
Tyler AngleMason ShawTrey Fix-WolanskyTim BerniBilly Sweezey
Time
Total ForwardTotal DefenseLast Minutes OffensiveLast Minutes Defensive
60:00 60:00 0:000:00
Extra Forwards
Normal PowerPlayPenalty Kill
Trey Fix-Wolansky, Tyler Angle, Brendan GaunceTrey Fix-Wolansky, Tyler AngleTyler Angle
Extra Defensemen
Normal PowerPlayPenalty Kill
Jake Christiansen, Quinn Schmiemann, Billy SweezeyJake Christiansen, Jake ChristiansenQuinn Schmiemann
Penalty Shots
Tyler Angle, Mason Shaw, Trey Fix-Wolansky, Brendan Gaunce, Hunter McKown
Goalie
Craig Anderson, Spencer Martin
Custom OT Lines Forwards
Josh Dunne, Carson Meyer, Trey Fix-Wolansky, Cameron Butler, Mason Shaw, Tyler Angle, Brendan Gaunce, Hunter McKown, Justin Danforth, Georgii Merkulov
Custom OT Lines Defensemen
Stanislav Svozil, Billy Sweezey, Tim Berni, Quinn Schmiemann, Jake Christiansen
Scratches
Corson Ceulemans (Healthy), Jet Greaves (Healthy)

Providence Bruins

5 vs 5 Forward
Line #Left WingCenterRight WingPHYDFOFWanted %Time %Time Play
1Buddy RobinsonJakub LaukoEgor Sokolov0324035%17:32
2Luke ToporowskiAnthony RichardFabian Lysell1223029%14:45
3Marc McLaughlinJayson MegnaCurtis Hall1222022%11:12
4John BeecherOskar SteenJakub Lauko1221014%7:20
5 vs 5 Defense
Line #DefenseDefensePHYDFOFWanted %Time %Time Play
1Ian MitchellJakub Zboril1224040%20:17
2Dan RenoufParker Wotherspoon1223033%16:32
3Lassi ThomsonReilly Walsh1222023%11:35
4Jakub ZborilLassi Thomson122105%2:25
Power Play Forward
Line #Left WingCenterRight WingPHYDFOFWanted %Time %Time Play
1Jayson MegnaJakub LaukoBuddy Robinson1226057%1:15
2Luke ToporowskiAnthony RichardFabian Lysell1224043%0:56
Power Play Defense
Line #DefenseDefensePHYDFOFWanted %Time %Time Play
1Lassi ThomsonJakub Zboril1226059%1:17
2Dan RenoufParker Wotherspoon1224041%0:54
Penalty Kill 4 Players Forward
Line #CenterWingPHYDFOFWanted %Time %Time Play
1Jakub LaukoJayson Megna1226074%5:10
2Anthony RichardLuke Toporowski1224026%1:50
Penalty Kill 4 Players Defense
Line #DefenseDefensePHYDFOFWanted %Time %Time Play
1Ian MitchellLassi Thomson1226075%5:15
2Dan RenoufParker Wotherspoon1224025%1:45
Penalty Kill 3 Players
Line #WingPHYDFOFWanted %Time %Time PlayDefenseDefensePHYDFOFWanted %Time %Time Play
1Jakub Lauko122600%0:00 Ian MitchellLassi Thomson122600%0:00
2Anthony Richard122400%0:00 Dan RenoufParker Wotherspoon122400%0:00
4 vs 4 Forward
Line #CenterWingPHYDFOFWanted %Time %Time Play
1Jakub LaukoJayson Megna122600%0:00
2Anthony RichardLuke Toporowski122400%0:00
4 vs 4 Defense
Line #DefensePHYDFOFWanted %Time %Time Play
1Jakub ZborilLassi Thomson122600%0:00
2Dan RenoufParker Wotherspoon122400%0:00
Last Minutes Offensive
Left WingCenterRight WingDefenseDefense
Buddy RobinsonJakub LaukoAnthony RichardIan MitchellLassi Thomson
Last Minutes Defensive
Left WingCenterRight WingDefenseDefense
Buddy RobinsonJakub LaukoAnthony RichardIan MitchellLassi Thomson
Time
Total ForwardTotal DefenseLast Minutes OffensiveLast Minutes Defensive
60:00 60:00 0:000:00
Extra Forwards
Normal PowerPlayPenalty Kill
Jayson Megna, Oskar Steen, Marc McLaughlinJayson Megna, Oskar SteenJayson Megna
Extra Defensemen
Normal PowerPlayPenalty Kill
Parker Wotherspoon, Lassi Thomson, Reilly WalshParker Wotherspoon, Parker WotherspoonLassi Thomson
Penalty Shots
Luke Toporowski, Jakub Lauko, Anthony Richard, Oskar Steen, Jayson Megna
Goalie
Brandon Bussi, Arvid Holm
Custom OT Lines Forwards
Buddy Robinson, Jakub Lauko, Anthony Richard, Egor Sokolov, Jayson Megna, Oskar Steen, Marc McLaughlin, John Beecher, Fabian Lysell, Luke Toporowski
Custom OT Lines Defensemen
Dan Renouf, Jakub Zboril, Reilly Walsh, Parker Wotherspoon, Lassi Thomson
Scratches
Frederic Brunet (Healthy), Brett Harrison (Healthy), Michael DiPietro (Healthy), Kyle Keyser (Healthy)


Play-by-Play

1st period


0:01 of 1st period - Jakub Lauko wins face-off versus Carson Meyer in neutral zone.
0:06 of 1st period - Snap shot by Egor Sokolov.
0:06 of 1st period - Stopped by Craig Anderson with a rebound.
0:15 of 1st period - Minor Penalty to Jakub Lauko for Hooking.
0:16 of 1st period - John Beecher wins face-off versus Mason Shaw in Providence Bruins zone.
1:25 of 1st period - Snap shot by Anthony Richard.
1:25 of 1st period - Shot Misses the Net.
2:15 of 1st period - Penalty to Jakub Lauko is over, Jakub Lauko is back on ice.
2:38 of 1st period - Off-side.
2:39 of 1st period - Anthony Richard wins face-off versus Carson Meyer in neutral zone.
2:48 of 1st period - Slapshot by Stanislav Svozil.
2:48 of 1st period - Stopped by Brandon Bussi without a rebound.
2:48 of 1st period - Minor Penalty to Brandon Bussi for Delaying the game.
2:49 of 1st period - Mason Shaw wins face-off versus Anthony Richard in Providence Bruins zone.
3:00 of 1st period - Slapshot by Trey Fix-Wolansky.
3:00 of 1st period - Shot Blocked by Jakub Lauko.
3:02 of 1st period - Slapshot by Trey Fix-Wolansky.
3:02 of 1st period - Shot Blocked by Ian Mitchell.
3:04 of 1st period - Slapshot by Jake Christiansen.
3:04 of 1st period - Shot Blocked by Jakub Lauko.
3:06 of 1st period - Wrist shot by Justin Danforth.
3:06 of 1st period - Goal by Justin Danforth - Cleveland Monsters : 1 - Providence Bruins : 0.
3:07 of 1st period - Tyler Angle wins face-off versus Jakub Lauko in neutral zone.
3:33 of 1st period - Minor Penalty to Egor Sokolov for Interference.
3:34 of 1st period - Mason Shaw wins face-off versus Anthony Richard in Providence Bruins zone.
3:47 of 1st period - Wrist shot by Justin Danforth.
3:47 of 1st period - Deflect By Trey Fix-Wolansky.
3:47 of 1st period - Shot Misses the Net.
3:47 of 1st period - Puck is out of play.
3:48 of 1st period - Mason Shaw wins face-off versus Jakub Lauko in Providence Bruins zone.
3:49 of 1st period - Slapshot by Justin Danforth.
3:49 of 1st period - Stopped by Brandon Bussi with a rebound.
3:55 of 1st period - Wrist shot by Justin Danforth.
3:55 of 1st period - Stopped by Brandon Bussi without a rebound.
3:56 of 1st period - Mason Shaw wins face-off versus Jakub Lauko in Providence Bruins zone.
5:10 of 1st period - Slapshot by Trey Fix-Wolansky.
5:10 of 1st period - Shot Blocked by Parker Wotherspoon.
5:33 of 1st period - Penalty to Egor Sokolov is over, Egor Sokolov is back on ice.
5:33 of 1st period - Off-side.
5:34 of 1st period - Jakub Lauko wins face-off versus Brendan Gaunce in neutral zone.
6:39 of 1st period - Carson Meyer is hit by Anthony Richard and loses puck.
7:49 of 1st period - Justin Danforth is hit by Marc McLaughlin and loses puck.
7:58 of 1st period - Snap shot by Ian Mitchell.
7:58 of 1st period - Shot Misses the Net.
8:16 of 1st period - Stanislav Svozil is hit by Buddy Robinson and loses puck.
9:17 of 1st period - Snap shot by Anthony Richard.
9:17 of 1st period - Shot Blocked by Samuel Knazko.
10:26 of 1st period - Justin Danforth is hit by Ian Mitchell and loses puck.
10:37 of 1st period - Mason Shaw is hit by Marc McLaughlin.
12:06 of 1st period - Icing by Jayson Megna.
12:07 of 1st period - Oskar Steen wins face-off versus Tyler Angle in Providence Bruins zone.
13:30 of 1st period - Georgii Merkulov is hit by Jayson Megna and loses puck.
14:02 of 1st period - Wrist shot by Jayson Megna.
14:02 of 1st period - Shot Misses the Net.
14:06 of 1st period - Snap shot by Jayson Megna.
14:06 of 1st period - Deflect By Trey Fix-Wolansky.
14:06 of 1st period - Stopped by Craig Anderson with a rebound.
15:00 of 1st period - Josh Dunne is hit by Dan Renouf.
15:43 of 1st period - Off-side.
15:44 of 1st period - Brendan Gaunce wins face-off versus Egor Sokolov in neutral zone.
16:25 of 1st period - Dan Renouf is hit by Mason Shaw and loses puck.
16:42 of 1st period - Jake Christiansen is hit by Jakub Lauko.
17:00 of 1st period - Snap shot by Fabian Lysell.
17:00 of 1st period - Stopped by Craig Anderson without a rebound.
17:01 of 1st period - Anthony Richard wins face-off versus Carson Meyer in Cleveland Monsters zone.
17:02 of 1st period - Slapshot by Ian Mitchell.
17:02 of 1st period - Deflect By Trey Fix-Wolansky.
17:02 of 1st period - Stopped by Craig Anderson with a rebound.
17:04 of 1st period - Wrist shot by Anthony Richard.
17:04 of 1st period - Deflect By Fabian Lysell.
17:04 of 1st period - Shot Misses the Net.
17:04 of 1st period - Puck is out of play.
17:05 of 1st period - Jakub Lauko wins face-off versus Carson Meyer in Cleveland Monsters zone.
17:57 of 1st period - Slapshot by Trey Fix-Wolansky.
17:57 of 1st period - Shot Misses the Net.
19:25 of 1st period - Jayson Megna is hit by Mason Shaw and loses puck.
Goals for this period are 1 for Cleveland Monsters vs 0 for Providence Bruins.
Shots for this period are 4 for Cleveland Monsters vs 4 for Providence Bruins.

2nd period


0:01 of 2nd period - Egor Sokolov wins face-off versus Carson Meyer in neutral zone.
0:39 of 2nd period - Wrist shot by Tyler Angle.
0:39 of 2nd period - Shot Blocked by Ian Mitchell.
0:59 of 2nd period - Snap shot by Jayson Megna.
0:59 of 2nd period - Shot Misses the Net.
1:19 of 2nd period - Oskar Steen is hit by Trey Fix-Wolansky.
1:33 of 2nd period - Snap shot by Jakub Lauko.
1:33 of 2nd period - Shot Misses the Net.
1:55 of 2nd period - Icing by Brendan Gaunce.
1:56 of 2nd period - Jayson Megna wins face-off versus Brendan Gaunce in Cleveland Monsters zone.
1:59 of 2nd period - Wrist shot by Marc McLaughlin.
1:59 of 2nd period - Stopped by Craig Anderson with a rebound.
2:01 of 2nd period - Slapshot by Jakub Zboril.
2:01 of 2nd period - Stopped by Craig Anderson without a rebound.
2:02 of 2nd period - Carson Meyer wins face-off versus Jayson Megna in Cleveland Monsters zone.
2:07 of 2nd period - Lassi Thomson is hit by Josh Dunne and loses puck.
2:28 of 2nd period - Justin Danforth is hit by Egor Sokolov and loses puck.
2:47 of 2nd period - Georgii Merkulov is hit by Fabian Lysell and loses puck.
2:52 of 2nd period - Wrist shot by Fabian Lysell.
2:52 of 2nd period - Shot Misses the Net.
2:54 of 2nd period - Snap shot by Dan Renouf.
2:54 of 2nd period - Stopped by Craig Anderson without a rebound.
2:55 of 2nd period - Buddy Robinson wins face-off versus Carson Meyer in Cleveland Monsters zone.
2:58 of 2nd period - Wrist shot by Egor Sokolov.
2:58 of 2nd period - Shot Blocked by Samuel Knazko.
3:44 of 2nd period - Wrist shot by Jayson Megna.
3:44 of 2nd period - Stopped by Craig Anderson without a rebound.
3:45 of 2nd period - Carson Meyer wins face-off versus Jayson Megna in Cleveland Monsters zone.
4:59 of 2nd period - Josh Dunne is hit by Jayson Megna and loses puck.
5:04 of 2nd period - Snap shot by Marc McLaughlin.
5:04 of 2nd period - Stopped by Craig Anderson with a rebound.
5:06 of 2nd period - Snap shot by Marc McLaughlin.
5:06 of 2nd period - Stopped by Craig Anderson without a rebound.
5:07 of 2nd period - Hunter McKown wins face-off versus Jakub Lauko in Cleveland Monsters zone.
5:14 of 2nd period - Buddy Robinson is hit by Billy Sweezey and loses puck.
5:54 of 2nd period - Wrist shot by Anthony Richard.
5:54 of 2nd period - Deflect By Trey Fix-Wolansky.
5:54 of 2nd period - Shot Misses the Net.
5:54 of 2nd period - Puck is out of play.
5:55 of 2nd period - Trey Fix-Wolansky wins face-off versus Anthony Richard in Cleveland Monsters zone.
6:18 of 2nd period - Snap shot by Marc McLaughlin.
6:18 of 2nd period - Stopped by Craig Anderson with a rebound.
6:28 of 2nd period - Slapshot by Hunter McKown.
6:28 of 2nd period - Shot Hit the Post.
6:44 of 2nd period - Lassi Thomson is hit by Jake Christiansen and loses puck.
6:57 of 2nd period - Wrist shot by Jakub Lauko.
6:57 of 2nd period - Stopped by Craig Anderson with a rebound.
6:59 of 2nd period - Wrist shot by Luke Toporowski.
6:59 of 2nd period - Shot Blocked by Trey Fix-Wolansky.
7:01 of 2nd period - Snap shot by Anthony Richard.
7:01 of 2nd period - Stopped by Craig Anderson without a rebound.
7:02 of 2nd period - Anthony Richard wins face-off versus Hunter McKown in Cleveland Monsters zone.
7:27 of 2nd period - Anthony Richard is hit by Mason Shaw and loses puck.
7:38 of 2nd period - Wrist shot by Anthony Richard.
7:38 of 2nd period - Shot Blocked by Billy Sweezey.
7:40 of 2nd period - Slapshot by Parker Wotherspoon.
7:40 of 2nd period - Stopped by Craig Anderson with a rebound.
7:42 of 2nd period - Snap shot by Fabian Lysell.
7:42 of 2nd period - Stopped by Craig Anderson with a rebound.
7:44 of 2nd period - Wrist shot by Dan Renouf.
7:44 of 2nd period - Deflect By Anthony Richard.
7:44 of 2nd period - Shot Blocked by Samuel Knazko.
7:44 of 2nd period - Puck is out of play.
7:45 of 2nd period - Jakub Lauko wins face-off versus Carson Meyer in Cleveland Monsters zone.
7:50 of 2nd period - Slapshot by Egor Sokolov.
7:50 of 2nd period - Deflect By Jakub Lauko.
7:50 of 2nd period - Shot Blocked by Tim Berni.
7:50 of 2nd period - Puck is out of play.
7:51 of 2nd period - Carson Meyer wins face-off versus Jakub Lauko in Cleveland Monsters zone.
7:58 of 2nd period - Slapshot by Trey Fix-Wolansky.
7:58 of 2nd period - Stopped by Brandon Bussi without a rebound.
7:59 of 2nd period - Jakub Lauko wins face-off versus Carson Meyer in Providence Bruins zone.
7:59 of 2nd period - Jakub Lauko is hit by Carson Meyer.
8:11 of 2nd period - Slapshot by Ian Mitchell.
8:11 of 2nd period - Stopped by Craig Anderson without a rebound.
8:12 of 2nd period - Hunter McKown wins face-off versus Jakub Lauko in Cleveland Monsters zone.
8:12 of 2nd period - Hunter McKown is hit by Buddy Robinson.
8:24 of 2nd period - Snap shot by Trey Fix-Wolansky.
8:24 of 2nd period - Stopped by Brandon Bussi with a rebound.
8:39 of 2nd period - Minor Penalty to Jakub Lauko for Elbowing.
8:40 of 2nd period - John Beecher wins face-off versus Mason Shaw in Providence Bruins zone.
8:53 of 2nd period - Billy Sweezey is hit by Jayson Megna and loses puck.
9:12 of 2nd period - Snap shot by Tyler Angle.
9:12 of 2nd period - Stopped by Brandon Bussi with a rebound.
9:14 of 2nd period - Backhand shot by Billy Sweezey.
9:14 of 2nd period - Deflect By Brendan Gaunce.
9:14 of 2nd period - Shot Misses the Net.
9:14 of 2nd period - Puck is out of play.
9:15 of 2nd period - Tyler Angle wins face-off versus John Beecher in Providence Bruins zone.
9:16 of 2nd period - Snap shot by Brendan Gaunce.
9:16 of 2nd period - Deflect By Hunter McKown.
9:16 of 2nd period - Goal by Hunter McKown - Cleveland Monsters : 2 - Providence Bruins : 0.
9:17 of 2nd period - Carson Meyer wins face-off versus Jakub Lauko in neutral zone.
9:49 of 2nd period - Icing by Tyler Angle.
9:50 of 2nd period - Tyler Angle wins face-off versus Jakub Lauko in Cleveland Monsters zone.
10:01 of 2nd period - Backhand shot by Mason Shaw.
10:01 of 2nd period - Stopped by Brandon Bussi without a rebound.
10:02 of 2nd period - Jakub Lauko wins face-off versus Trey Fix-Wolansky in Providence Bruins zone.
10:02 of 2nd period - Lassi Thomson is hit by Jake Christiansen and loses puck.
10:13 of 2nd period - Icing by Trey Fix-Wolansky.
10:14 of 2nd period - Josh Dunne wins face-off versus Jakub Lauko in Cleveland Monsters zone.
10:14 of 2nd period - Josh Dunne is hit by Buddy Robinson.
10:40 of 2nd period - Jake Christiansen is hit by Anthony Richard.
11:33 of 2nd period - Minor Penalty to Billy Sweezey for Hooking.
11:34 of 2nd period - Mason Shaw wins face-off versus Jakub Lauko in Cleveland Monsters zone.
11:42 of 2nd period - Snap shot by Jayson Megna.
11:42 of 2nd period - Deflect By Buddy Robinson.
11:42 of 2nd period - Goal by Buddy Robinson - Cleveland Monsters : 2 - Providence Bruins : 1.
11:43 of 2nd period - Josh Dunne wins face-off versus Jakub Lauko in neutral zone.
11:58 of 2nd period - Snap shot by Egor Sokolov.
11:58 of 2nd period - Stopped by Craig Anderson without a rebound.
11:59 of 2nd period - Anthony Richard wins face-off versus Hunter McKown in Cleveland Monsters zone.
12:03 of 2nd period - Minor Penalty to Mason Shaw for Delaying the game.
12:04 of 2nd period - Jakub Lauko wins face-off versus Tyler Angle in Cleveland Monsters zone.
12:06 of 2nd period - Snap shot by Buddy Robinson.
12:06 of 2nd period - Goal by Buddy Robinson - Cleveland Monsters : 2 - Providence Bruins : 2.
12:07 of 2nd period - Jakub Lauko wins face-off versus Mason Shaw in neutral zone.
12:09 of 2nd period - Jakub Lauko and Mason Shaw fight to a draw.
12:09 of 2nd period - Penalty to Jakub Lauko for Fighting.
12:09 of 2nd period - Penalty to Mason Shaw for Fighting.
12:10 of 2nd period - Jayson Megna wins face-off versus Carson Meyer in Cleveland Monsters zone.
12:15 of 2nd period - Slapshot by Egor Sokolov.
12:15 of 2nd period - Shot Misses the Net.
12:17 of 2nd period - Slapshot by Lassi Thomson.
12:17 of 2nd period - Deflect By Egor Sokolov.
12:17 of 2nd period - Shot Misses the Net.
12:17 of 2nd period - Puck is out of play.
12:18 of 2nd period - Jayson Megna wins face-off versus Carson Meyer in Cleveland Monsters zone.
12:19 of 2nd period - Snap shot by Egor Sokolov.
12:19 of 2nd period - Shot Misses the Net.
12:21 of 2nd period - Wrist shot by Jayson Megna.
12:21 of 2nd period - Shot Misses the Net.
12:23 of 2nd period - Wrist shot by Jayson Megna.
12:23 of 2nd period - Providence Bruins goal is going for a video replay.
12:23 of 2nd period - The goal is refused. The net was displaced accidentally..
12:24 of 2nd period - Hunter McKown wins face-off versus Jayson Megna in Cleveland Monsters zone.
12:26 of 2nd period - Samuel Knazko is hit by Egor Sokolov and loses puck.
13:10 of 2nd period - Wrist shot by Oskar Steen.
13:10 of 2nd period - Shot Misses the Net.
13:22 of 2nd period - Brendan Gaunce is hit by Buddy Robinson and loses puck.
13:33 of 2nd period - Snap shot by Trey Fix-Wolansky.
13:33 of 2nd period - Deflect By Josh Dunne.
13:33 of 2nd period - Stopped by Brandon Bussi with a rebound.
13:35 of 2nd period - Slapshot by Trey Fix-Wolansky.
13:35 of 2nd period - Cleveland Monsters goal is going for a video replay.
13:35 of 2nd period - The goal is good.
13:35 of 2nd period - Goal by Trey Fix-Wolansky - Cleveland Monsters : 3 - Providence Bruins : 2.
13:36 of 2nd period - Jayson Megna wins face-off versus Carson Meyer in neutral zone.
13:39 of 2nd period - Slapshot by Ian Mitchell.
13:39 of 2nd period - Shot Misses the Net.
13:43 of 2nd period - Snap shot by Jayson Megna.
13:43 of 2nd period - Shot Misses the Net.
14:14 of 2nd period - Snap shot by Fabian Lysell.
14:14 of 2nd period - Stopped by Craig Anderson with a rebound.
14:34 of 2nd period - Wrist shot by Tyler Angle.
14:34 of 2nd period - Goal by Tyler Angle - Cleveland Monsters : 4 - Providence Bruins : 2.
14:34 of 2nd period - Arvid Holm enters game.
14:35 of 2nd period - Carson Meyer wins face-off versus Jayson Megna in neutral zone.
14:39 of 2nd period - Minor Penalty to Buddy Robinson for Tripping.
14:40 of 2nd period - Tyler Angle wins face-off versus John Beecher in Providence Bruins zone.
14:40 of 2nd period - Slapshot by Trey Fix-Wolansky.
14:40 of 2nd period - Goal by Trey Fix-Wolansky - Cleveland Monsters : 5 - Providence Bruins : 2.
14:41 of 2nd period - Jayson Megna wins face-off versus Carson Meyer in neutral zone.
14:46 of 2nd period - Wrist shot by Egor Sokolov.
14:46 of 2nd period - Stopped by Craig Anderson with a rebound.
14:56 of 2nd period - Buddy Robinson is hit by Josh Dunne and loses puck.
15:09 of 2nd period - Snap shot by Egor Sokolov.
15:09 of 2nd period - Stopped by Craig Anderson without a rebound.
15:10 of 2nd period - Anthony Richard wins face-off versus Tyler Angle in Cleveland Monsters zone.
15:46 of 2nd period - Icing by Jayson Megna.
15:47 of 2nd period - Jayson Megna wins face-off versus Hunter McKown in Providence Bruins zone.
15:52 of 2nd period - Snap shot by Jakub Zboril.
15:52 of 2nd period - Shot Blocked by Hunter McKown.
15:54 of 2nd period - Slapshot by Lassi Thomson.
15:54 of 2nd period - Shot Blocked by Stanislav Svozil.
15:56 of 2nd period - Slapshot by Lassi Thomson.
15:56 of 2nd period - Shot Blocked by Stanislav Svozil.
15:58 of 2nd period - Slapshot by Jakub Zboril.
15:58 of 2nd period - Stopped by Craig Anderson without a rebound.
15:59 of 2nd period - Anthony Richard wins face-off versus Trey Fix-Wolansky in Cleveland Monsters zone.
16:24 of 2nd period - Tim Berni is hit by Buddy Robinson and loses puck.
16:47 of 2nd period - Quinn Schmiemann is hit by John Beecher and loses puck.
16:58 of 2nd period - Snap shot by Marc McLaughlin.
16:58 of 2nd period - Shot Blocked by Quinn Schmiemann.
18:43 of 2nd period - Snap shot by Lassi Thomson.
18:43 of 2nd period - Stopped by Craig Anderson with a rebound.
18:45 of 2nd period - Wrist shot by Jakub Lauko.
18:45 of 2nd period - Shot Blocked by Jake Christiansen.
18:57 of 2nd period - Wrist shot by Luke Toporowski.
18:57 of 2nd period - Deflect By Brendan Gaunce.
18:57 of 2nd period - Stopped by Craig Anderson with a rebound.
18:59 of 2nd period - Wrist shot by Luke Toporowski.
18:59 of 2nd period - Stopped by Craig Anderson with a rebound.
19:01 of 2nd period - Slapshot by Fabian Lysell.
19:01 of 2nd period - Shot Blocked by Georgii Merkulov.
19:11 of 2nd period - Backhand shot by Carson Meyer.
19:11 of 2nd period - Shot Misses the Net.
Goals for this period are 4 for Cleveland Monsters vs 2 for Providence Bruins.
Shots for this period are 9 for Cleveland Monsters vs 23 for Providence Bruins.

3rd period


0:01 of 3rd period - Egor Sokolov wins face-off versus Carson Meyer in neutral zone.
0:13 of 3rd period - Slapshot by Billy Sweezey.
0:13 of 3rd period - Deflect By Trey Fix-Wolansky.
0:13 of 3rd period - Shot Misses the Net.
0:13 of 3rd period - Puck is out of play.
0:14 of 3rd period - Hunter McKown wins face-off versus Jakub Lauko in Providence Bruins zone.
0:18 of 3rd period - Minor Penalty to Egor Sokolov for Roughing.
0:19 of 3rd period - Mason Shaw wins face-off versus Jakub Lauko in Providence Bruins zone.
0:19 of 3rd period - Wrist shot by Trey Fix-Wolansky.
0:19 of 3rd period - Shot Misses the Net.
0:21 of 3rd period - Wrist shot by Mason Shaw.
0:21 of 3rd period - Shot Misses the Net.
0:23 of 3rd period - Snap shot by Mason Shaw.
0:23 of 3rd period - Shot Blocked by Ian Mitchell.
0:25 of 3rd period - Snap shot by Trey Fix-Wolansky.
0:25 of 3rd period - Stopped by Arvid Holm with a rebound.
0:27 of 3rd period - Snap shot by Mason Shaw.
0:27 of 3rd period - Goal by Mason Shaw - Cleveland Monsters : 6 - Providence Bruins : 2.
0:28 of 3rd period - Jakub Lauko wins face-off versus Carson Meyer in neutral zone.
0:33 of 3rd period - Slapshot by Ian Mitchell.
0:33 of 3rd period - Stopped by Craig Anderson without a rebound.
0:34 of 3rd period - Carson Meyer wins face-off versus Jakub Lauko in Cleveland Monsters zone.
0:34 of 3rd period - Carson Meyer is hit by Egor Sokolov.
0:42 of 3rd period - Slapshot by Billy Sweezey.
0:42 of 3rd period - Stopped by Arvid Holm with a rebound.
0:44 of 3rd period - Wrist shot by Billy Sweezey.
0:44 of 3rd period - Deflect By Jakub Lauko.
0:44 of 3rd period - Stopped by Arvid Holm with a rebound.
0:46 of 3rd period - Snap shot by Samuel Knazko.
0:46 of 3rd period - Stopped by Arvid Holm with a rebound.
0:48 of 3rd period - Snap shot by Trey Fix-Wolansky.
0:48 of 3rd period - Deflect By Carson Meyer.
0:48 of 3rd period - Shot Blocked by Ian Mitchell.
0:48 of 3rd period - Puck is out of play.
0:49 of 3rd period - Hunter McKown wins face-off versus Jayson Megna in Providence Bruins zone.
0:56 of 3rd period - Wrist shot by Trey Fix-Wolansky.
0:56 of 3rd period - Shot Blocked by Jayson Megna.
0:58 of 3rd period - Snap shot by Trey Fix-Wolansky.
0:58 of 3rd period - Deflect By Jayson Megna.
0:58 of 3rd period - Stopped by Arvid Holm with a rebound.
1:00 of 3rd period - Snap shot by Billy Sweezey.
1:00 of 3rd period - Stopped by Arvid Holm without a rebound.
1:01 of 3rd period - Trey Fix-Wolansky wins face-off versus Jakub Lauko in Providence Bruins zone.
1:02 of 3rd period - Wrist shot by Josh Dunne.
1:02 of 3rd period - Stopped by Arvid Holm with a rebound.
1:04 of 3rd period - Minor Penalty to Jakub Lauko for Roughing.
1:05 of 3rd period - Mason Shaw wins face-off versus John Beecher in Providence Bruins zone.
1:19 of 3rd period - Off-side.
1:20 of 3rd period - Mason Shaw wins face-off versus John Beecher in neutral zone.
1:27 of 3rd period - Snap shot by Mason Shaw.
1:27 of 3rd period - Stopped by Arvid Holm with a rebound.
2:01 of 3rd period - Snap shot by Billy Sweezey.
2:01 of 3rd period - Deflect By Dan Renouf.
2:01 of 3rd period - Goal by Billy Sweezey - Cleveland Monsters : 7 - Providence Bruins : 2.
2:02 of 3rd period - Jakub Lauko wins face-off versus Brendan Gaunce in neutral zone.
2:09 of 3rd period - Snap shot by Jakub Lauko.
2:09 of 3rd period - Stopped by Craig Anderson without a rebound.
2:10 of 3rd period - Brendan Gaunce wins face-off versus Jakub Lauko in Cleveland Monsters zone.
2:10 of 3rd period - Brendan Gaunce is hit by Egor Sokolov.
2:41 of 3rd period - Slapshot by Jayson Megna.
2:41 of 3rd period - Stopped by Craig Anderson with a rebound.
2:43 of 3rd period - Snap shot by Jayson Megna.
2:43 of 3rd period - Stopped by Craig Anderson with a rebound.
2:45 of 3rd period - Wrist shot by Marc McLaughlin.
2:45 of 3rd period - Shot Misses the Net.
2:59 of 3rd period - Snap shot by Anthony Richard.
2:59 of 3rd period - Shot Blocked by Georgii Merkulov.
3:01 of 3rd period - Slapshot by Dan Renouf.
3:01 of 3rd period - Shot Blocked by Hunter McKown.
3:28 of 3rd period - Snap shot by Trey Fix-Wolansky.
3:28 of 3rd period - Shot Misses the Net.
3:45 of 3rd period - Minor Penalty to Mason Shaw for High sticking.
3:46 of 3rd period - Tyler Angle wins face-off versus Jakub Lauko in Cleveland Monsters zone.
3:46 of 3rd period - Tyler Angle is hit by Jakub Lauko.
5:45 of 3rd period - Penalty to Mason Shaw is over, Mason Shaw is back on ice.
7:34 of 3rd period - Jayson Megna is hit by Josh Dunne and loses puck.
7:55 of 3rd period - Luke Toporowski is hit by Georgii Merkulov and loses puck.
9:05 of 3rd period - Carson Meyer is hit by Jakub Lauko and loses puck.
9:22 of 3rd period - Hunter McKown is hit by Fabian Lysell and loses puck.
15:47 of 3rd period - Minor Penalty to Lassi Thomson for Slashing.
15:48 of 3rd period - Tyler Angle wins face-off versus Jakub Lauko in Providence Bruins zone.
15:50 of 3rd period - Slapshot by Tyler Angle.
15:50 of 3rd period - Shot Misses the Net.
15:52 of 3rd period - Snap shot by Tyler Angle.
15:52 of 3rd period - Shot Misses the Net.
15:54 of 3rd period - Snap shot by Tyler Angle.
15:54 of 3rd period - Deflect By Jakub Lauko.
15:54 of 3rd period - Shot Misses the Net.
15:54 of 3rd period - Puck is out of play.
15:55 of 3rd period - Tyler Angle wins face-off versus Jakub Lauko in Providence Bruins zone.
15:56 of 3rd period - Snap shot by Brendan Gaunce.
15:56 of 3rd period - Shot Misses the Net.
16:29 of 3rd period - Slapshot by Justin Danforth.
16:29 of 3rd period - Shot Misses the Net.
16:31 of 3rd period - Snap shot by Billy Sweezey.
16:31 of 3rd period - Deflect By Trey Fix-Wolansky.
16:31 of 3rd period - Shot Misses the Net.
16:31 of 3rd period - Puck is out of play.
16:32 of 3rd period - Luke Toporowski wins face-off versus Tyler Angle in Providence Bruins zone.
16:41 of 3rd period - Wrist shot by Jake Christiansen.
16:41 of 3rd period - Shot Misses the Net.
16:43 of 3rd period - Slapshot by Tyler Angle.
16:43 of 3rd period - Shot Misses the Net.
16:45 of 3rd period - Slapshot by Hunter McKown.
16:45 of 3rd period - Stopped by Arvid Holm with a rebound.
16:47 of 3rd period - Slapshot by Tim Berni.
16:47 of 3rd period - Goal by Tim Berni - Cleveland Monsters : 8 - Providence Bruins : 2.
16:48 of 3rd period - Carson Meyer wins face-off versus Egor Sokolov in neutral zone.
16:51 of 3rd period - Snap shot by Trey Fix-Wolansky.
16:51 of 3rd period - Stopped by Arvid Holm with a rebound.
17:03 of 3rd period - Slapshot by Carson Meyer.
17:03 of 3rd period - Shot Misses the Net.
17:15 of 3rd period - Mason Shaw is hit by Luke Toporowski and loses puck.
17:36 of 3rd period - Slapshot by Parker Wotherspoon.
17:36 of 3rd period - Stopped by Craig Anderson with a rebound.
17:38 of 3rd period - Snap shot by Marc McLaughlin.
17:38 of 3rd period - Shot Blocked by Brendan Gaunce.
17:40 of 3rd period - Wrist shot by Jayson Megna.
17:40 of 3rd period - Shot Misses the Net.
17:42 of 3rd period - Wrist shot by Curtis Hall.
17:42 of 3rd period - Shot Misses the Net.
17:44 of 3rd period - Snap shot by Marc McLaughlin.
17:44 of 3rd period - Stopped by Craig Anderson with a rebound.
18:00 of 3rd period - Jakub Lauko is hit by Carson Meyer and loses puck.
18:14 of 3rd period - Off-side.
18:15 of 3rd period - Tyler Angle wins face-off versus Fabian Lysell in neutral zone.
18:17 of 3rd period - Off-side.
18:18 of 3rd period - Carson Meyer wins face-off versus Jakub Lauko in neutral zone.
18:54 of 3rd period - Snap shot by Mason Shaw.
18:54 of 3rd period - Shot Misses the Net.
19:12 of 3rd period - Slapshot by Marc McLaughlin.
19:12 of 3rd period - Shot Misses the Net.
19:14 of 3rd period - Slapshot by Reilly Walsh.
19:14 of 3rd period - Shot Blocked by Georgii Merkulov.
19:16 of 3rd period - Wrist shot by Jayson Megna.
19:16 of 3rd period - Stopped by Craig Anderson with a rebound.
19:26 of 3rd period - Carson Meyer is hit by Egor Sokolov and loses puck.
19:45 of 3rd period - Wrist shot by Mason Shaw.
19:45 of 3rd period - Stopped by Arvid Holm with a rebound.
19:47 of 3rd period - Snap shot by Tyler Angle.
19:47 of 3rd period - Shot Misses the Net.
19:49 of 3rd period - Slapshot by Mason Shaw.
19:49 of 3rd period - Shot Misses the Net.
19:51 of 3rd period - Wrist shot by Tyler Angle.
19:51 of 3rd period - Shot Misses the Net.
Goals for this period are 3 for Cleveland Monsters vs 0 for Providence Bruins.
Shots for this period are 14 for Cleveland Monsters vs 7 for Providence Bruins.